Map: King's Cove LE

Players

PeLLy - Winner!

  • Race: Zerg Zerg
  • League: Diamond
  • Spawn Location: 5:00

Kvassi

  • Race: Terran Terran
  • League: Diamond
  • Spawn Location: 11:00

VOD

Have the link to the VOD?

Description

Time

  • Played on: Aug. 12, 2019, 3:39 p.m.
  • Length: 14:38
Show
View Real Time Build Order
Export as new Build Order

PeLLy Zerg - Winner!

Build Orders: Hatch First, Swarm Host 

Get SALT Encoding   

  12  0:00  Drone  
  13  0:13  Overlord  
  13  0:22  Drone  
  14  0:31  Drone x2  
  16  0:37  Drone  
  17  0:54  Hatchery  
  16  0:58  Drone  
  16  1:03  Drone  
  18  1:17  Spawning Pool  
  17  1:19  Drone, Extractor  
  17  1:23  Drone  
  18  1:30  Drone  
  19  1:42  Overlord  
  19  1:50  Drone  
  20  2:02  Drone  
  20  2:04  Queen  
  20  2:06  Queen  
  20  2:08  Zergling x2  
  26  2:13  Zergling x2  
  27  2:20  Metabolic Boost  
  27  2:26  Zergling x4  
  29  2:32  Drone  
  29  2:34  Drone  
  31  2:38  Drone  
  32  2:49  Drone  
  32  2:50  Drone  
  34  2:59  Overlord  
  34  3:05  Hatchery  
  34  3:12  Drone x3  
  36  3:16  Overlord  
  36  3:20  Zergling x6  
  36  3:27  Zergling x6  
  42  3:42  Zergling x2  
  42  3:43  Zergling x6  
  46  4:00  Zergling x8  
  45  4:17  Baneling Nest  
  45  4:18  Drone  
  45  4:19  Drone x3  
  46  4:29  Drone x3  
  46  4:31  Queen  
  51  4:45  Overlord x4  
  51  4:52  Roach Warren  
  50  4:53  Evolution Chamber, Lair  
  50  4:54  Overlord x2  
  49  5:03  Baneling x11  
  49  5:16  Drone x3  
  49  5:18  Drone x6  
  49  5:21  Extractor  
  57  5:22  Extractor  
  50  5:55  Roach x5  
  57  6:03  Queen  
  59  6:04  Drone x7  
  65  6:17  Extractor  
  65  6:18  Extractor  
  63  6:27  Overlord x2  
  63  6:37  Drone x11  
  74  6:48  Spore Crawler  
  74  6:49  Drone x4  
  77  7:04  Hatchery  
  77  7:06  Infestation Pit  
  75  7:08  Extractor  
  75  7:11  Zerg Missile Weapons Level 1  
  75  7:12  Glial Reconstitution  
  75  7:14  Roach x5  
  75  7:15  Roach x6  
  96  7:28  Drone x4  
  100  7:31  Drone x2  
  100  7:33  Centrifical Hooks  
  102  7:40  Pneumatized Carapace  
  102  7:48  Nydus Network  
  102  7:49  Swarm Host  
  102  7:51  Swarm Host  
  107  8:06  Ravager  
  107  8:07  Ravager x2  
  110  8:21  Extractor  
  110  8:22  Swarm Host x3  
  110  8:26  Extractor  
  117  8:33  Drone  
  118  8:35  Drone x2  
  118  8:38  Overlord x5  
  118  8:39  Overlord  
  120  8:51  Nydus Canal  
  120  8:56  Queen  
  120  9:00  Swarm Host x8  
  146  9:23  Overlord x2  
  146  9:24  Overlord x2  
  146  9:27  Overlord x2  
  146  9:28  Overlord x2  
  146  9:35  Zergling x2  
  146  9:36  Zergling x10  
  152  10:02  Nydus Canal  
  152  10:15  Roach  
  152  10:16  Roach x4, Zergling x2  
  152  10:17  Zergling x14  
  170  10:30  Hive  
  170  10:31  Hydralisk Den  
  169  11:02  Hydralisk Den  
  169  11:03  Spire  
  167  11:12  Hydralisk x4  
  167  11:13  Hydralisk x2  
  167  11:16  Zerg Missile Weapons Level 2  
  167  11:17  Tunneling Claws  
  179  11:56  Swarm Host x2  
  179  11:57  Swarm Host  
  178  12:26  Hydralisk x10  
  193  12:36  Nydus Canal  
  193  12:47  Hydralisk x3  
  199  13:27  Hatchery  
  199  13:33  Overseer x4, Hatchery  
  197  13:37  Spore Crawler x3  
  197  13:39  Hydralisk  
  197  13:40  Hydralisk  
  198  13:42  Spore Crawler  
  197  14:00  Hydralisk  
  199  14:23  Spore Crawler  
  198  14:25  Spore Crawler  
Show
View Real Time Build Order
Export as new Build Order

Kvassi Terran 

Build Orders:  

Get SALT Encoding   

  12  0:02  SCV  
  13  0:14  SCV  
  13  0:20  Supply Depot  
  14  0:26  SCV  
  15  0:41  SCV  
  16  0:43  Barracks  
  16  0:54  SCV  
  17  1:06  SCV  
  18  1:20  Command Center  
  18  1:22  SCV  
  19  1:31  Supply Depot  
  19  1:32  Marine  
  19  1:39  Refinery  
  20  1:40  SCV  
  21  1:50  Marine  
  21  1:53  SCV  
  23  1:55  Refinery  
  23  2:03  Engineering Bay  
  23  2:06  SCV  
  24  2:11  Marine  
  25  2:19  Orbital Command  
  25  2:29  Marine  
  26  2:35  Factory  
  26  2:38  SCV  
  27  2:46  Marine  
  27  2:50  SCV x2  
  30  3:02  Planetary Fortress  
  30  3:04  SCV  
  31  3:15  Barracks Reactor  
  31  3:21  Factory Tech Lab  
  31  3:24  SCV  
  32  3:36  SCV  
  33  3:44  Cyclone  
  36  3:55  Marine x2  
  36  4:09  SCV  
  34  4:19  Siege Tank  
  34  4:21  SCV  
  38  4:33  SCV  
  38  4:35  Missile Turret  
  39  4:45  Command Center  
  38  4:51  SCV  
  39  4:53  SCV  
  39  4:57  Missile Turret  
  40  5:03  SCV  
  40  5:06  SCV  
  42  5:15  SCV  
  42  5:17  Siege Tank  
  46  5:22  Missile Turret  
  46  5:26  SCV  
  44  5:36  Command Center  
  44  5:39  SCV  
  44  5:41  SCV  
  46  5:43  Missile Turret  
  46  5:57  SCV x2  
  40  6:09  SCV x2  
  42  6:14  Supply Depot  
  42  6:16  Supply Depot  
  42  6:27  Planetary Fortress, Armory  
  41  6:33  Missile Turret  
  41  6:40  Refinery  
  41  6:42  SCV, Refinery  
  41  6:46  Barracks  
  42  6:50  Neosteel Armor  
  42  6:52  Armory  
  42  6:54  Missile Turret, SCV  
  43  6:57  Armory  
  43  6:59  Missile Turret  
  43  7:06  SCV  
  44  7:18  SCV  
  44  7:19  Missile Turret  
  44  7:20  Siege Tank  
  48  7:23  Terran Ship Weapons Level 1  
  48  7:26  Supply Depot  
  48  7:30  SCV  
  48  7:33  SCV  
  48  7:34  Missile Turret  
  50  7:39  Refinery  
  50  7:42  SCV  
  50  7:43  Planetary Fortress  
  51  7:46  SCV  
  52  7:54  SCV  
  52  7:55  Missile Turret  
  52  7:58  SCV, Terran Vehicle Weapons Level 1  
  54  8:03  Refinery  
  54  8:04  Starport  
  54  8:10  SCV  
  54  8:12  Terran Vehicle And Ship Armor Level 1  
  55  8:14  Supply Depot  
  55  8:22  SCV  
  55  8:23  Starport  
  56  8:29  SCV  
  57  8:34  SCV  
  57  8:35  Missile Turret  
  57  8:36  Supply Depot  
  62  8:41  SCV, Siege Tank  
  62  8:51  Missile Turret  
  62  8:53  SCV  
  62  8:54  Refinery  
  63  8:57  Starport  
  63  8:58  Starport Tech Lab  
  63  9:01  Starport  
  63  9:05  SCV  
  63  9:08  Starport Tech Lab  
  63  9:11  Missile Turret  
  63  9:13  Siege Tank  
  66  9:17  SCV  
  66  9:34  Missile Turret  
  66  9:36  Missile Turret, Starport Tech Lab  
  66  9:37  Starport Tech Lab  
  66  9:41  Cloaking Field  
  66  9:47  Siege Tank  
  69  9:56  Missile Turret  
  60  10:07  Starport Tech Lab  
  60  10:11  Starport Tech Lab  
  60  10:14  Terran Vehicle Weapons Level 2, Terran Ship Weapons Level 2  
  60  10:15  Terran Vehicle And Ship Armor Level 2  
  60  10:18  Hyperflight Rotors  
  60  10:19  Banshee  
  60  10:20  Siege Tank  
  66  10:27  Missile Turret  
  66  10:35  Missile Turret  
  66  10:36  Missile Turret  
  66  10:37  Starport  
  66  10:40  Starport  
  66  10:44  Missile Turret  
  66  10:49  Missile Turret  
  65  11:10  Banshee x3  
  77  11:16  Siege Tank  
  80  11:20  SCV  
  79  11:28  Refinery  
  79  11:32  SCV  
  76  11:44  SCV  
  77  11:48  Missile Turret  
  77  11:51  Starport Tech Lab x2  
  77  11:52  Missile Turret  
  77  11:53  Banshee  
  80  11:54  Hi-Sec Auto Tracking  
  80  11:56  SCV  
  80  11:57  Supply Depot  
  81  12:08  SCV  
  81  12:15  SCV  
  83  12:20  Supply Depot  
  77  12:26  SCV  
  68  12:36  Banshee x2  
  68  12:37  Banshee x2  
  71  12:38  SCV  
  76  12:50  SCV  
  73  13:19  Banshee, Medivac  
  69  13:57  Command Center  
  67  14:23  Supply Depot  
Tags
 
Composition
Swarm Host
Matchup
TvZ
Spawn Locations
Cross Positions
Add a new tag
Caveats
  • Supply blocks, unpowered buildings, or Contaminate may cause inaccurate times.
  • Supply counts are checked every 10 seconds.